 Dungeon Crawl Stone Soup version 0.28.0-53-g5a82cb258f (webtiles) character file.

Game seed: 16679482763181271971

4550 Icepheonix32 the Arsonist (level 10, 0/71 HPs)
             Began as a Pale Draconian Fire Elementalist on June 7, 2022.
             Was a Follower of Qazlal.
             Slain by Erica
             ... wielding a +4 scimitar of flaming
              (9 damage)
             ... on level 9 of the Dungeon.
             The game lasted 00:19:28 (10435 turns).

Icepheonix32 the Arsonist (DrFE)                   Turns: 10435, Time: 00:19:29

Health: 0/71       AC: 10    Str: 10    XL:     10   Next: 17%
Magic:  23/26      EV: 12    Int: 20    God:    Qazlal [*.....]
Gold:   391        SH:  7    Dex: 12    Spells: 1/18 levels left

rFire   + . .      SeeInvis .   f - staff of fire
rCold   . . .      Faith    .   (no shield)
rNeg    . . .      Spirit   .   (armour unavailable)
rPois   .          Reflect  +   (helmet restricted)
rElec   .          Harm     .   (no cloak)
rCorr   .          Rampage  .   e - +2 pair of gloves
Will    .....                   (no boots)
Stlth   ++........              d - amulet of reflection
HPRegen 0.21/turn               h - ring of magical power
MPRegen 0.20/turn               j - ring of wizardry

@: short of breath
A: breathe steam, AC +7, unfitting armour, cold-blooded, steam resistance
a: Breathe Steam, Renounce Religion


You were on level 9 of the Dungeon.
You worshipped Qazlal.
Qazlal was aware of your devotion.
You visited 2 branches of the dungeon, and saw 10 of its levels.

You collected 391 gold pieces.

Inventory:

Hand Weapons
 a - a +2 dagger of holy wrath
 b - a +2 dagger of venom
 k - a +2 dagger of flaming
 l - a +2 trident of freezing
 m - a +3 mace
 p - a +4 great sword of freezing
 q - a +2 morningstar of flaming
 y - a +3 spear
Missiles
 u - a throwing net
 A - 17 poisoned darts
Armour
 e - a +2 pair of gloves (worn)
Magical Staves
 f - a staff of fire (weapon)
Jewellery
 d - an amulet of reflection (around neck)
 h - a ring of magical power (left hand)
 j - a ring of wizardry (right hand)
 s - a ring of protection from cold
 E - a ring of ice
Wands
 v - a wand of mindburst (11)
 B - a wand of iceblast (5)
Scrolls
 c - 3 scrolls of fog
 n - a scroll of enchant armour
 o - a scroll of amnesia
 t - a scroll of acquirement
 w - a scroll of vulnerability
Potions
 g - a potion of ambrosia
 i - a potion of lignification
 r - 2 potions of mutation
 z - a potion of curing


   Skills:
 + Level 1.0 Fighting
 + Level 1.6 Short Blades
 + Level 2.6 Dodging
 + Level 2.7 Stealth
 + Level 4.8 Spellcasting
 + Level 2.8 Conjurations
 * Level 14.2 Fire Magic
 * Level 3.2 Evocations


You had one spell level left.
You knew the following spells:

 Your Spells              Type           Power      Damage    Failure   Level
a - Foxfire               Conj/Fire      100%       2x1d9     1%          1
b - Scorch                Fire           100%       2d10      1%          2
c - Flame Wave            Conj/Fire      55%        2d11      1%          4
d - Conjure Flame         Conj/Fire      55%        6-21      1%          3
e - Inner Flame           Hex/Fire       49%        N/A       1%          3
f - Summon Lightning Spi  Summ/Air       4%         N/A       41%         4

Your spell library contained the following spells:

 Spells                   Type           Power      Damage    Failure   Level
 Storm Form               Tmut/Air       2%         N/A       100%        7
 Maxwell's Capacitive Co  Air            2%         ∞         100%        8


Dungeon Overview and Level Annotations

Branches:
Dungeon (9/15)             Temple (1/1) D:7
   Lair: D:8-11         Orc: D:9-12

Altars:
Ashenzari
Cheibriados
Dithmenos
Elyvilon
Fedhas
Gozag
Hepliaklqana
Kikubaaqudgha
Makhleb
Nemelex Xobeh
Okawaru
Qazlal
Ru
Sif Muna
Trog
Uskayaw
Vehumet
Wu Jian
Xom
Yredelemnul
Zin
The Shining One

Annotations:
D:4 3 runed translucent doors, hawla's ghost, amateur FeFE
D:6 3 runed translucent doors, KittyFluff's ghost, novice GrBe; Valamore's ghost, novice DsFi; ZappyNine's ghost, novice BaTm
D:9 Erica


Innate Abilities, Weirdness & Mutations

You can breathe blasts of scalding, opaque steam.
Your pale cyan-grey scales are hard. (AC +7)
You cannot fit into any form of body armour.
You are cold-blooded and may be slowed by cold attacks.
You are immune to the effects of steam.


Message History

Erica burns you. Erica barely misses you.
Erica hits you with a +4 scimitar of flaming!
Erica burns you.
You closely miss Erica.
Erica is lightly wounded.
Erica hits you but does no damage.
Unknown command.
Unknown command.
Erica points at you and mumbles some strange words.
You are more confused.
There is an open door here.
Unknown command.
Erica is no longer more vulnerable to fire.
Erica hits you with a +4 scimitar of flaming!
* * * LOW HITPOINT WARNING * * *
Erica burns you.
* * * LOW HITPOINT WARNING * * *
There is an open door, spattered with blood here.
You are too confused!
Unknown command.
You feel better. Erica closely misses you.
Okay, then.
Casting: Foxfire (safe; 1% risk of failure)
Press: ? - help, Q - select action, (/) - cycle Dir - look around, f - activate
Okay, then.
Aiming: Breathe Steam (1% risk of failure)
Press: ? - help, Shift-Dir - straight line You exhale a blast of scalding steam.
The ball of steam hits Erica.
Erica resists.
Erica is lightly wounded.
Erica hits you with a +4 scimitar of flaming!
* * * LOW HITPOINT WARNING * * *
Erica burns you.
* * * LOW HITPOINT WARNING * * *
Unknown command.
You hit Erica.
Erica is moderately wounded.
Erica hits you with a +4 scimitar of flaming!
You die...

#..........#
#..........#######.
#..........'.......
#..........########
#######'####
###....# #...####
#.### #@#
##@#########
#§§.........
#..§........
#...........
#........?..
#..........#
#....≈≈≈...#
#...##≈##..#


You could see Erica.

Vanquished Creatures
  Harold (D:8)
  Grinder (D:4)
  Eustachio (D:4)
  A steam dragon (D:6)
  Menkaure (D:6)
  2 water moccasins
  2 ice beasts
  2 sky beasts
  2 ogres (D:4)
  2 necrophages
  3 centaurs
  A phantom (D:4)
  2 kobold brigands
  Blork the orc (D:5)
  A gnoll sergeant (D:4)
  3 scorpions (D:5)
  A bullfrog (D:8)
  3 killer bees (D:4)
  8 wights
  6 howler monkeys (D:8)
  A wyvern simulacrum (D:8)
  A gnoll shaman (D:8)
  4 orc priests
  3 hounds
  A jelly (D:6)
  A centaur skeleton (D:6)
  4 iguanas
  A scorpion zombie (D:4)
  4 orc wizards
  2 hound zombies
  A howler monkey zombie (D:8)
  Robin (D:4)
  10 adders
  7 gnolls
  A howler monkey skeleton (D:6)
  4 white imps
  A howler monkey simulacrum (D:8)
  An ufetubus (D:8)
  3 worms (D:3)
  A dart slug (D:4)
  13 orcs
  6 ball pythons
  2 endoplasms
  4 giant cockroaches
  17 goblins
  5 hobgoblins
  3 jackals (D:3)
  7 quokkas
  11 bats
  4 frilled lizards
  14 kobolds
  4 rats
186 creatures vanquished.

Vanquished Creatures (others)
  649 foxfires
  4 withered plants (D:6)
653 creatures vanquished.

Grand Total: 839 creatures vanquished

Notes
Turn   | Place    | Note
-------+----------+-------------------------------------------
     0 | D:1      | Icepheonix32 the Draconian Fire Elementalist began the
                  | quest for the Orb.
     0 | D:1      | Reached XP level 1. HP: 14/14 MP: 3/3
   116 | D:1      | Reached XP level 2. HP: 8/20 MP: 0/5
   729 | D:1      | Reached skill level 4 in Fire Magic
   743 | D:1      | Found a faded altar of an unknown god.
  1155 | D:2      | Reached XP level 3. HP: 26/26 MP: 1/6
  1526 | D:2      | Learned a level 2 spell: Scorch
  1925 | D:2      | Reached XP level 4. HP: 33/33 MP: 7/7
  1965 | D:2      | Reached skill level 5 in Fire Magic
  2409 | D:3      | Found a hide-covered altar of Uskayaw.
  2617 | D:3      | Reached XP level 5. HP: 17/38 MP: 2/8
  3136 | D:3      | Reached skill level 6 in Fire Magic
  3439 | D:4      | Found a shimmering blue altar of Sif Muna.
  3457 | D:4      | Identified the +0 helmet "Passuod" {rC+ Will+ Regen+ Dex-5}
  3457 | D:4      | Noticed Robin
  3464 | D:4      | Killed Robin
  3571 | D:4      | Reached XP level 6. HP: 28/45 MP: 9/9
  3581 | D:4      | Reached skill level 7 in Fire Magic
  3582 | D:4      | HP: 3/67 [poisoned by a killer bee]
  4090 | D:4      | Found a runed translucent gate.
  4090 | D:4      | Found a runed translucent gate.
  4090 | D:4      | Found a runed translucent gate.
  4090 | D:4      | Noticed hawla's ghost (amateur FeFE)
  4093 | D:4      | Found a basalt altar of Yredelemnul.
  4192 | D:4      | Reached skill level 8 in Fire Magic
  4192 | D:4      | Your scales start taking on a pale cyan-grey colour.
  4192 | D:4      | Reached skill level 9 in Fire Magic
  4192 | D:4      | Reached XP level 7. HP: 50/50 MP: 10/10
  4192 | D:4      | Gained mutation: You are immune to the effects of steam.
                  | [Pale Draconian growth]
  4200 | D:4      | Learned a level 4 spell: Flame Wave
  4204 | D:4      | Learned a level 3 spell: Conjure Flame
  4312 | D:4      | Found a hazy altar of Hepliaklqana.
  4348 | D:4      | Noticed Eustachio
  4371 | D:4      | Killed Eustachio
  4479 | D:4      | Noticed Grinder
  4485 | D:4      | Killed Grinder
  4486 | D:4      | Reached skill level 10 in Fire Magic
  4579 | D:4      | Reached XP level 8. HP: 42/57 MP: 6/11
  4808 | D:4      | You fall into a shaft and drop 3 floors!
  4883 | D:6      | Reached skill level 11 in Fire Magic
  5014 | D:5      | Entered Level 5 of the Dungeon
  5246 | D:5      | Noticed Blork the orc
  5254 | D:5      | Killed Blork the orc
  5594 | D:5      | Reached skill level 12 in Fire Magic
  5811 | D:5      | Found a sparkling altar of Nemelex Xobeh.
  6477 | D:5      | Found a bloodstained altar of Trog.
  6739 | D:6      | Reached XP level 9. HP: 62/62 MP: 13/13
  6858 | D:6      | Noticed Menkaure
  6862 | D:6      | Killed Menkaure
  7101 | D:6      | Reached skill level 13 in Fire Magic
  7561 | D:6      | Found a runed translucent gate.
  7561 | D:6      | Found a runed translucent gate.
  7561 | D:6      | Found a runed translucent gate.
  7562 | D:6      | Noticed ZappyNine's ghost (novice BaTm)
  7563 | D:6      | Noticed KittyFluff's ghost (novice GrBe)
  7563 | D:6      | Noticed Valamore's ghost (novice DsFi)
  7780 | D:6      | Reached skill level 1 in Short Blades
  7991 | D:7      | Reached skill level 1 in Evocations
  8597 | D:7      | Found a staircase to the Ecumenical Temple.
  8618 | Temple   | Entered the Ecumenical Temple
  8887 | Temple   | Became a worshipper of Qazlal Stormbringer
  8946 | D:8      | Noticed Harold
  8957 | D:8      | Killed Harold
  8958 | D:8      | Reached skill level 1 in Fighting
  9214 | D:7      | Identified 2 scrolls of acquirement
  9214 | D:7      | Acquired a staff of fire
  9222 | D:7      | Learned a level 3 spell: Inner Flame
  9400 | D:8      | Reached * piety under Qazlal
  9404 | D:8      | Reached XP level 10. HP: 71/71 MP: 16/16
  9546 | D:8      | Reached skill level 14 in Fire Magic
 10253 | D:8      | Found a shimmering altar of Xom.
 10363 | D:8      | Learned a level 4 spell: Summon Lightning Spire
 10416 | D:9      | Noticed Erica
 10423 | D:9      | Noticed an ice statue
 10435 | D:9      | Slain by Erica

Illustrated notes

Levels and vault maps discovered:
D:1:      dpeg_arrival_more_subterranean_lakeside_camping, layout_basic,
          hellmonk_ecumenical_altar_pennies_from_heaven
D:2:      layout_rooms, grunt_ministairs_10, hangedman_decor_growths
D:3:      layout_basic, nicolae_overflow_crystal_walls, minmay_fountain_box,
          chequers_serial_rivers_micro_a, hangedman_abyss_or_decor_lesser_grid,
          roderic_batcave
D:4:      layout_loops_ring, nicolae_yredelemnul_ghost_church,
          nzn_hepliaklqana_mist_gate, kennysheep_mini_moat,
          chequers_serial_rivers_marsh, uniq_eustachio, uniq_grinder, uniq_robin
D:5:      layout_loops_cross, mainiacjoe_overflow_chevrons, lemuel_tele_altar,
          nicolae_figureground_pulse, uniq_blork_the_orc
D:6:      layout_loops_cross, gammafunk_ghost_cemetery,
          nicolae_elevator_lobby_plus, uniq_menkaure
D:7:      layout_loops_ring, temple_statues, minmay_crystal_water,
          kennysheep_generic_room_9
D:8:      layout_cave_pods, mainiacjoe_overflow_alcove_1, serial_ice,
          serial_ice_b, serial_ice_o, serial_ice_n, serial_ice_d, uniq_harold
D:9:      layout_roguey, grunt_decor_arrowhead, minivault_11, minivault_15,
          minmay_misc_feat_square, minmay_misc_feat_diagonals,
          minmay_misc_feat_iff, nicolae_shop_gadgets, uniq_erica
Temple:   regret_index_temple_generic_petals

Skill      XL: |  1  2  3  4  5  6  7  8  9 10 |
---------------+-------------------------------+-----
Fire Magic     | 4 5 6 9 10 12 13 14 | 14.2
Stealth        | 2 |  2.7
Spellcasting   | 3 4 |  4.8
Dodging        | 2 |  2.6
Conjurations   | 2 |  2.8
Short Blades   | 1 |  1.6
Evocations     | 2 3 |  3.2
Fighting       | 1 |  1.0

Action                   |  1- 3 |  4- 6 |  7- 9 | 10-12 || total
-------------------------+-------+-------+-------+-------++-------
Melee: Dagger            |    51 |    66 |    68 |       ||   185
       Tailslap          |     8 |     6 |    13 |       ||    27
       Unarmed           |     1 |       |       |       ||     1
       Punch             |       |       |     1 |       ||     1
       Staff             |       |       |     1 |     3 ||     4
Throw: Dart              |       |       |     1 |       ||     1
 Cast: Foxfire           |    69 |   103 |   168 |    65 ||   405
       Scorch            |       |    11 |    55 |     7 ||    73
       Flame Wave        |       |       |     2 |       ||     2
 Abil: Breathe Steam     |       |       |     2 |     2 ||     4
  Use: Potion            |       |     6 |       |     1 ||     7
       Scroll            |       |       |    12 |     1 ||    13
 Stab: Sleeping          |     2 |     2 |       |       ||     4
Armor: Skin              |    16 |    40 |    44 |     5 ||   105
Dodge: Dodged            |    34 |    63 |    46 |     4 ||   147
Block: Other             |       |    24 |    21 |     2 ||    47
       Reflection        |       |       |       |     2 ||     2
